 Dungeon Crawl Stone Soup version 0.28-a0-533-g9f97627e2a (webtiles) character file.

Game seed: 13844126900957876225

166873 spiderkeys the Warrior (level 17, -24/146 HPs)
             Began as a Barachi Abyssal Knight on Sept 26, 2021.
             Was a High Priest of Lugonu.
             Killed from afar by a fire dragon (32 damage)
             ... with a blast of flame
             ... on level 1 of the Depths.
             The game lasted 01:35:27 (38524 turns).

spiderkeys the Warrior (Barachi Abyssal Knight)    Turns: 38524, Time: 01:35:27

Health: -24/146    AC: 38    Str: 23    XL:     17   Next: 91%
Magic:  24/26      EV: 10    Int: 12    God:    Lugonu [*****.]
Gold:   2722       SH: 11    Dex: 14    Spells: 16/16 levels left

rFire   . . .      SeeInvis .   a - +9 flail "Killer Bee's Regret" {protect, *Rage rC+ rN+}
rCold   + + .      Faith    .   f - +0 buckler {rC+}
rNeg    + . .      Spirit   .   y - +1 crystal plate armour {rC+} {rare}
rPois   +          Reflect  +   z - +2 helmet
rElec   .          Harm     .   r - +1 cloak of the Great Game {rPois rC- Str+4}
rCorr   .          Rampage  ∞   o - +0 pair of gloves
Will    +....      Rage     20% I - +3 pair of seven-league boots {Rampage+∞}
Stlth   ..........              W - amulet of reflection
HPRegen 0.34/turn               Y - +4 ring of slaying
MPRegen 0.20/turn               E - +4 ring of evasion

@: unable to hop, on berserk cooldown, slow
A: amphibious, slowness 1, strong legs 2, +LOS
a: Hop, Renounce Religion, Depart the Abyss, Bend Space, Banish, Corrupt, Enter
the Abyss


You were on level 1 of the Depths.
You worshipped Lugonu.
Lugonu was extremely pleased with you.
You visited 5 branches of the dungeon, and saw 26 of its levels.
You visited the Abyss 5 times.
You also visited: Ossuary, Ice Cave and Volcano.

You collected 3855 gold pieces.
You spent 1133 gold pieces at shops.


Innate Abilities, Weirdness & Mutations

You are amphibious.
You cover ground slowly.
You can hop long distances.
You have an extended range of vision and can be seen from far away.


   Skills:
 - Level 16.6 Fighting
 + Level 12.0 Polearms
 + Level 14.4 Crossbows
 - Level 16.4 Armour
 - Level 1.4 Dodging
 - Level 8.2 Shields
 - Level 12.9 Invocations


You had 16 spell levels left.
You didn't know any spells.
Your spell library contained the following spells:

 Spells                   Type           Power      Damage    Failure   Level
 Animate Skeleton         Necr           0%         N/A       100%        1
 Pain                     Necr           0%         1d4       100%        1
 Shock                    Conj/Air       0%         1d3       100%        1
 Sting                    Tmut/Pois      0%         1d3       100%        1
 Ensorcelled Hibernation  Hex/Ice        0%         N/A       100%        2
 Poisonous Vapours        Pois/Air       0%         N/A       100%        2
 Conjure Flame            Conj/Fire      0%         6-21      100%        3
 Gell's Gravitas          Tloc           0%         N/A       100%        3
 Ignite Poison            Fire/Tmut/Pois 0%         N/A       100%        3
 Swiftness                Air            0%         N/A       100%        3
 Teleport Other           Tloc           0%         N/A       100%        3
 Tukima's Dance           Hex            0%         N/A       100%        3
 Vampiric Draining        Necr           0%         2d6       100%        3
 Airstrike                Air            0%         N/A       100%        4
 Animate Armour           Summ/Erth      0%         N/A       100%        4
 Olgreb's Toxic Radiance  Pois           0%         N/A       100%        4
 Passage of Golubria      Tloc           N/A        N/A       100%        4
 Sticky Flame             Conj/Fire      0%         2d3       100%        4
 Summon Ice Beast         Ice/Summ       0%         N/A       100%        4
 Agony                    Necr           0%         N/A       100%        5
 Blade Hands              Tmut           0%         N/A       100%        5
 Excruciating Wounds      Necr           0%         N/A       100%        5
 Freezing Cloud           Conj/Ice/Air   0%         6-21      100%        5
 Silence                  Hex/Air        0%         N/A       100%        5
 Summon Mana Viper        Hex/Summ       0%         N/A       100%        5
 Dispersal                Tloc           0%         N/A       100%        6
 Iron Shot                Conj/Erth      0%         9d1       100%        6
 Simulacrum               Ice/Necr       0%         N/A       100%        6
 Monstrous Menagerie      Summ           0%         N/A       100%        7
 Ozocubu's Refrigeration  Ice            0%         4d5       100%        7
 Ignition                 Fire           0%         3d3       100%        8
 Lehudib's Crystal Spear  Conj/Erth      0%         10d2      100%        8
 Polar Vortex             Ice            0%         N/A       100%        9

Inventory:

Hand Weapons
 a - the +9 flail "Killer Bee's Regret" (weapon) {protect, *Rage rC+ rN+}
   (You found it on level 10 of the Dungeon)

   It grants its wielder temporary protection when it strikes (+7 to AC).
   rC:        It protects you from cold.
   rN:        It protects you from negative energy.
   *Rage:     It lets you go berserk by making a melee attack (+20% chance).
 b - the +11 hand crossbow of Etiha {penet, rF+ rC+}
   (You acquired it on level 2 of the Abyss)

   Any ammunition fired by it passes through the targets it hits, potentially
   hitting all targets in its path until it reaches maximum range.
   rF:        It protects you from fire.
   rC:        It protects you from cold.
 R - a +0 trident
   (You found it on level 6 of the Dungeon)
Missiles
 m - 87 poisoned darts (quivered)
 n - 3 atropa-tipped darts
 s - 13 bolts
 U - 2 curare-tipped darts {=f}
Armour
 f - a +0 buckler of cold resistance (worn)
   (You found it in an ice cave)
 o - a +0 pair of gloves (worn)
   (You found it on level 5 of the Dungeon)
 r - the +1 cloak of the Great Game (worn) {rPois rC- Str+4}
   (You bought it in a shop on level 2 of the Orcish Mines)

   Str:       It affects your strength (+4).
   rC:        It makes you vulnerable to cold.
   rPois:     It protects you from poison.
 y - a +1 crystal plate armour of cold resistance (worn) {rare}
   (You found it in an ice cave)
 z - a +2 helmet (worn)
   (You found it on level 5 of the Dungeon)
 I - the +3 pair of seven-league boots (worn) {Rampage+∞}
   (You found it in a volcano)

   Its wearer moves as far as possible in that direction when moving towards
   enemies.
 V - the +4 skin of Zhor {*Englaciate rC+++ SInv}
   (You found it on level 6 of the Lair of Beasts)

   It radiates cold, occasionally slowing all nearby creatures who are not
   resistant to cold.
   rC:        It renders you almost immune to cold.
   SInv:      It lets you see invisible.
Magical Staves
 w - a staff of earth {!a}
   (You found it on level 5 of the Lair of Beasts)
 J - a staff of conjuration {!a}
   (You found it in an ice cave)
Jewellery
 C - a ring of protection from cold
   (You found it on level 15 of the Dungeon)
 E - a +4 ring of evasion (right hand)
   (You took it off a kobold on level 8 of the Dungeon)
 W - an amulet of reflection (around neck)
   (You found it on level 1 of the Lair of Beasts)
 Y - a +4 ring of slaying (left hand)
   (You found it in an ice cave)
 Z - a ring of wizardry
   (You found it on level 1 of the Lair of Beasts)
Wands
 k - a wand of charming (9)
   (You found it on level 14 of the Dungeon)
 t - a wand of digging (13)
   (You found it on level 14 of the Dungeon)
 x - a wand of iceblast (10)
   (You found it in an ice cave)
 A - a wand of mindburst (28)
   (You found it on level 6 of the Dungeon)
 L - a wand of polymorph (23)
   (You found it on level 8 of the Dungeon)
 P - a wand of paralysis (5)
   (You found it on level 9 of the Dungeon)
 Q - a wand of flame (60)
   (You took it off a wight on level 9 of the Dungeon)
Scrolls
 e - 4 scrolls of immolation {!r!r}
 i - 18 scrolls of identify {@r1}
 l - 9 scrolls of teleportation {@r4}
 u - a scroll of silence {!r}
 D - 2 scrolls of vulnerability {!r!r}
 F - a scroll of magic mapping {!r}
 M - 2 scrolls of fog
 O - 5 scrolls of enchant weapon
Potions
 c - a potion of ambrosia
 g - a potion of cancellation
 h - 6 potions of might
 q - 4 potions of haste {@q3}
 v - 3 potions of invisibility
 B - 7 potions of lignification {!q}
 G - 3 potions of flight
 H - 3 potions of curing {@q1}
 K - 4 potions of berserk rage {!q}
 N - 6 potions of magic
 S - 2 potions of brilliance
 X - a potion of mutation {!q}
Miscellaneous
 d - a phantom mirror (inert)
   (You found it on level 6 of the Lair of Beasts)
 T - a box of beasts (inert)
   (You found it on level 10 of the Dungeon)

Dungeon Overview and Level Annotations

Branches:
Dungeon (15/15)            Temple (0/1) D:4            Lair (6/6) D:10
 Shoals (0/4) Lair:3        Snake (2/4) Lair:3        Slime (0/5) Lair:6
    Orc (2/2) D:11            Elf (0/3) Orc:2        Vaults (0/5) D:14
 Depths (1/4) D:15        Ossuary (visited)           IceCv (visited)
Volcano (visited)

Altars:
Ashenzari
Elyvilon
Gozag
Kikubaaqudgha
Makhleb
Nemelex Xobeh
Ru
Sif Muna
Trog
Yredelemnul
The Shining One
Beogh
Jiyva

Shops:
D:11 (   D:14 :   Orc:2 [:([

Portals:
Abyss: Depths:1

Annotations:
D:15 4 runed translucent doors, exclusion: orange crystal statue
Lair:6 1 runed translucent door

..#...# .......###
## .......#.##.###
.........#....##.
#................
#..D.............
.................
.......[V.......#
#.....T@V.T..#
##....T.T.$..###
#..............∩##
.........QTi...T.#
..≈.....G.$[...<##
T.≈..............+
≈§...............#
§≈≈≈≈≈≈..........#
≈≈≈≈§............#


You could see a fire dragon (catching breath), an iron troll, a great orb of
eyes, a jiangshi, a tengu warrior, 4 deep trolls, a vampire mage, a spriggan air
mage (repels missiles) and 2 deep troll earth magi.


Message History

The crimson imp blinks! 😨 HP[+1]
The raiju bursts into living lightning!
The living lightning hits you!
* * * LOW HITPOINT WARNING * * *
The raiju blinks! x2; The raiju bites you but does no damage. 😨 HP[-11]
You take 11 damage, and now have 50/146 hp.
You bludgeon the raiju!!
Your weapon exudes an aura of protection.
A tentacled starspawn comes into view.
The raiju closely misses you. The raiju barely misses you. 😨 HP[+1]
You hit the raiju.
A tentacle flies out from the starspawn's body!
A wretched star comes into view.
You block the raiju's attack. The raiju bites you but does no damage.
A starspawn tentacle comes into view. 😨 HP[+1] Hop to where?
Press: ? - help, Dir - move target Boing!
The raiju barks!
The raiju bursts into living lightning!
The living lightning misses you.
The raiju blinks!
The raiju bursts into living lightning!
The living lightning misses you.
The raiju blinks!
You hit the raiju.
The raiju bursts into living lightning!
The living lightning hits you.
* * * LOW HITPOINT WARNING * * *
The raiju blinks!
The raiju barely misses you.
The raiju bursts into living lightning!
The living lightning hits you but does no damage.
The raiju blinks! 😨 HP[-1]
You take 1 damage, and now have 51/146 hp.
You miss the raiju. You block the raiju's attack.
The raiju bites you but does no damage. The raiju barely misses you. x2
You thump the raiju!
You kill the raiju!
A tentacled starspawn comes into view.
The raiju closely misses you.
You block the small abomination's attack.
The raiju closely misses you. 😨 HP[+1]
You sock the raiju!
Tentacles burst from the starspawn's body!
You block the small abomination's attack.
A tentacle flies out from the starspawn's body!
You block the raiju's attack.
The small abomination hits you but does no damage.
The raiju bites you.
* * * LOW HITPOINT WARNING * * *
The raiju shocks you!
* * * LOW HITPOINT WARNING * * *
A starspawn tentacle comes into view. 😨 HP[-13]
You take 13 damage, and now have 39/146 hp.
Okay, then.
Space bends around you!
You blink.
A raiju comes into view.
The raiju barks!
The crimson imp blinks!
The raiju bursts into living lightning!
The living lightning hits the starspawn tentacle segment!
The living lightning misses you.
The raiju blinks!
A tentacle flies out from the starspawn's body!
The raiju bites you.
* * * LOW HITPOINT WARNING * * *
The raiju shocks you!
* * * LOW HITPOINT WARNING * * *
A starspawn tentacle comes into view. 😱 HP[-12] MP[-1]
You take 12 damage, and now have 27/146 hp.
You lost 1 mp, and now have 25/26 mp.
You pass through the gate.
Welcome back to the Depths!
You feel yourself speed up.
The tengu warrior unwields a +0 great sword.
The tengu warrior wields a +0 arbalest.
The tengu warrior shoots a bolt.
The bolt hits you but does no damage. The deep troll bites you!
* * * LOW HITPOINT WARNING * * *
You block the deep troll's attack. x2; The jiangshi claws you!
* * * LOW HITPOINT WARNING * * *
The jiangshi draws strength from your injuries!
The jiangshi claws you but does no damage.
The deep troll bites you but does no damage.
The deep troll claws you but does no damage. x2
The spriggan air mage waves its arms in wide circles.
The air twists around and strikes you. The deep troll closely misses you.
The deep troll claws you but does no damage. x2
A deep troll earth mage comes into view.
The jiangshi claws you but does no damage. x2
The deep troll bites you but does no damage.
The deep troll claws you but does no damage. x2
The fire dragon breathes flames at you. The blast of flame hits you!!
You die...

Skill      XL: |  1  2  3  4  5  6  7  8  9 10 11 12 13 14 15 16 17 |
---------------+----------------------------------------------------+-----
Invocations    | 2 3 4 6 7 8 10 11 12 | 12.9
Fighting       | 4 5 6 7 8 10 11 13 14 16 | 16.6
Armour         | 3 4 5 6 8 9 11 12 14 16 | 16.4
Polearms       | 3 4 8 9 12 | 12.0
Crossbows      | 1 2 3 4 5 7 8 10 12 14 | 14.4
Shields        | 2 3 4 5 8 |  8.2
Dodging        | |  1.4

Action                   |  1- 3 |  4- 6 |  7- 9 | 10-12 | 13-15 | 16-18 || total
-------------------------+-------+-------+-------+-------+-------+-------++-------
Melee: Spear             |   103 |   137 |   115 |       |       |       ||   355
       Trident           |       |       |       |   172 |       |       ||   172
       Hand crossbow     |       |       |       |     3 |       |       ||     3
       Flail             |       |       |       |     2 |   625 |   669 ||  1296
 Fire: Hand crossbow     |       |    55 |   110 |   376 |   730 |    49 ||  1320
Throw: Stone             |    12 |     2 |       |       |       |       ||    14
       Dart              |    10 |       |       |       |     7 |       ||    17
Invok: Depart the Abyss  |     1 |       |       |     2 |       |     1 ||     4
       Banish            |       |       |       |     4 |       |     2 ||     6
       Bend Space        |       |       |       |     5 |    28 |     7 ||    40
       Enter the Abyss   |       |       |       |       |       |     1 ||     1
 Abil: Hop               |     3 |     2 |     3 |    13 |    17 |     6 ||    44
Evoke: Wand              |       |       |       |     1 |     7 |     2 ||    10
       Box of beasts     |       |       |       |       |     2 |     2 ||     4
       Phantom mirror    |       |       |       |       |       |     1 ||     1
  Use: Scroll            |     2 |     5 |     6 |     8 |    12 |     4 ||    37
       Potion            |     1 |     6 |       |     8 |     4 |     9 ||    28
Armor: Leather armour    |     3 |       |       |       |       |       ||     3
       Ring mail         |    43 |    25 |       |   147 |   330 |       ||   545
       Chain mail        |       |    46 |   122 |       |       |       ||   168
       Skin              |       |    25 |       |       |       |       ||    25
       Crystal plate arm |       |       |       |       |   429 |   862 ||  1291
       Animal skin       |       |       |       |       |       |    60 ||    60
Dodge: Dodged            |    55 |    71 |    75 |   210 |   637 |   618 ||  1666
Block: Buckler           |       |       |    33 |    94 |   450 |   677 ||  1254
       Reflection        |       |       |       |       |       |     2 ||     2

Levels and vault maps discovered:
D:1:      amcnicky_arrival_gap_in_the_tavern_cellar, layout_basic,
          kennysheep_nondescript, minmay_misc_feat_tower
D:2:      layout_loops_ring, basic_altar, minmay_vboxes
D:3:      layout_rooms, chequers_ecumenical_altar_simple, minmay_starry_boxes
D:4:      layout_basic, lemuel_doored_altar, temple_statues, uniq_blork_the_orc
D:5:      layout_basic, grunt_temple_overflow_holy_war,
          hangedman_decor_clover_reticule, minmay_misc_feat_enclosed, uniq_pikel
D:6:      layout_rooms, kennysheep_mini_moat, mainiacjoe_overflow_chevrons
D:7:      layout_rooms, mainiacjoe_overflow_alcove_4, general_overflow_altar,
          tgw_trog, uniq_duvessa, uniq_harold
D:8:      layout_basic, old_standard_altar, nicolae_ossuary_entry_plus,
          uniq_maggie, uniq_psyche
D:9:      layout_cave_pools, mainiacjoe_overflow_alcove_1, special_room
          [special_room_orc], uniq_erica
D:10:     layout_cross, lair_entry_dummy
D:11:     layout_rooms, erik_orc_1, serial_shops, shop_coins
D:12:     minmay_wizard_corner, layout_layer_cave
D:13:     orc_temple, layout_basic
D:14:     layout_roguey, david_vaults_5, serial_shops, nicolae_diamond_shop,
          dk_noncrumbling_4
D:15:     gammafunk_enter_depths_forms, layout_cave_pods, serial_park_square2,
          minmay_statue_crystal_thing
Lair:1:   dpeg_oklob_gauntlet, layout_long_grid, portal_ice_cave_entry_imps,
          gammafunk_ghost_split, beast_lair_carwin_5, uniq_grum
Lair:2:   layout_regular_city, chequers_serial_rivers_room_b,
          grunt_forest_stairs_clearing, serial_bayou_shore_a
Lair:3:   layout_loops_ring, minmay_shoals_entry_beasts,
          guppyfry_snake_entry_island
Lair:4:   layout_long_grid, st_stairs_10
Lair:5:   layout_gridlike, patterned_corridor, lemuel_fruit_tree
Lair:6:   minmay_lair_end_frog_pond, layout_big_grid, slime_altar_2,
          nicolae_volcano_entry_vermiform, serial_bayou_pond_d,
          columned_hall_lemuel, hellmonk_guarded_unrand_zhor,
          serial_bayou_shore_b, uniq_josephine
Snake:1:  layout_cave_pods, serial_shops, nicolae_shop_trees,
          grunt_megastairs_5, minmay_shop_grove
Snake:2:  layout_rooms, serial_bayou_pond_e
Orc:1:    layout_diamond_mine
Orc:2:    st_orc_elflike, layout_caves, maelrawn_ghost_gauntlet_escape
Depths:1: layout_cave_pools, enter_ziggurat_b, abyss_entry,
          pf_hell_entry_tar_river, serial_shops, shop,
          nicolae_shop_behind_doors, shop, okawaru_altar_gauntlet_db

Notes
Turn   | Place    | Note
-------+----------+-------------------------------------------
     0 | Abyss:1  | spiderkeys the Barachi Abyssal Knight began the quest for
                  | the Orb.
     0 | Abyss:1  | Reached XP level 1. HP: 18/18 MP: 2/2
     0 | Abyss:1  | magus.rc [v1.9.10]
    64 | Abyss:2  | Noticed a small abomination
    70 | Abyss:2  | Identified a scroll of acquirement
    70 | Abyss:2  | Acquired the +11 hand crossbow of Etiha {penet, rF+ rC+}
    74 | D:1      | You pass through the gate.
    74 | D:1      | Escaped the Abyss
   323 | D:1      | Reached * piety under Lugonu
   324 | D:1      | Reached XP level 2. HP: 24/25 MP: 3/3
   660 | D:1      | Reached skill level 2 in Invocations
   660 | D:1      | Reached XP level 3. HP: 26/30 MP: 4/4
   746 | D:1      | Reached skill level 4 in Fighting
   905 | D:1      | You fall into a shaft and drop 1 floor!
   943 | D:2      | Reached skill level 3 in Armour
  1519 | D:2      | Found a broken altar of Ashenzari.
  1555 | D:2      | HP: 6/30 [gnoll (4)]
  1810 | D:2      | Reached XP level 4. HP: 24/37 MP: 5/5
  2017 | D:2      | You pick up a book of Air and begin reading...
  2017 | D:2      | You add the spells Shock, Swiftness and Airstrike to your
                  | library.
  2059 | D:2      | Reached ** piety under Lugonu
  2757 | D:3      | Found a faded altar of an unknown god.
  2943 | D:3      | Reached XP level 5. HP: 43/43 MP: 6/6
  2976 | D:3      | Reached skill level 3 in Polearms
  3234 | D:3      | You pick up a book of Maledictions and begin reading...
  3234 | D:3      | You add the spells Ensorcelled Hibernation and Tukima's
                  | Dance to your library.
  3516 | D:4      | Noticed a black bear
  3592 | D:4      | Reached skill level 1 in Crossbows
  3682 | D:3      | Reached skill level 4 in Armour
  3755 | D:4      | Reached XP level 6. HP: 50/50 MP: 8/8
  3900 | D:4      | Killed a black bear
  3901 | D:4      | Reached skill level 5 in Fighting
  3901 | D:4      | Reached skill level 3 in Invocations
  4158 | D:4      | Found a staircase to the Ecumenical Temple.
  4246 | D:4      | Acquired 986 gold pieces
  4258 | D:4      | Found a sparkling altar of Nemelex Xobeh.
  4303 | D:4      | Noticed Blork the orc
  4305 | D:4      | Killed Blork the orc
  4306 | D:4      | Reached skill level 2 in Crossbows
  4306 | D:4      | Reached XP level 7. HP: 56/56 MP: 9/9
  4320 | D:4      | Reached *** piety under Lugonu
  4503 | D:4      | Reached skill level 4 in Polearms
  4564 | D:5      | Entered Level 5 of the Dungeon
  5001 | D:4      | Reached skill level 5 in Armour
  5119 | D:5      | Reached skill level 1 in Shields
  5180 | D:5      | Found a basalt altar of Yredelemnul.
  5181 | D:5      | Noticed a profane servitor
  5243 | D:5      | Found a glowing golden altar of the Shining One.
  5245 | D:5      | Noticed an angel
  5336 | D:5      | Noticed Pikel
  5342 | D:5      | Killed Pikel
  5343 | D:5      | Reached skill level 6 in Fighting
  5343 | D:5      | Reached skill level 3 in Crossbows
  5343 | D:5      | Reached skill level 2 in Shields
  5343 | D:5      | Reached skill level 4 in Invocations
  5343 | D:5      | Reached XP level 8. HP: 65/65 MP: 9/11
  5645 | D:5      | Reached skill level 6 in Armour
  5646 | D:5      | Reached skill level 3 in Shields
  5689 | D:5      | Reached skill level 4 in Crossbows
  6009 | D:5      | Reached skill level 7 in Fighting
  6122 | D:6      | Reached XP level 9. HP: 62/72 MP: 12/12
  6216 | D:5      | Reached skill level 5 in Invocations
  6284 | D:6      | You pick up a book of Pain and begin reading...
  6284 | D:6      | You add the spells Pain, Agony and Excruciating Wounds to
                  | your library.
  6425 | D:6      | Reached **** piety under Lugonu
  6431 | D:6      | Reached skill level 4 in Shields
  6529 | D:6      | Found a burning altar of Makhleb.
  6688 | D:6      | Found a sacrificial altar of Ru.
  6769 | D:7      | Reached skill level 7 in Armour
  6862 | D:7      | Noticed Harold
  6877 | D:7      | Noticed a moth of wrath
  6879 | D:7      | Found a bloodstained altar of Trog.
  6882 | D:7      | Reached skill level 5 in Crossbows
  6902 | D:7      | Killed Harold
  6903 | D:7      | Reached skill level 8 in Fighting
  7052 | D:7      | Identified the +5 ring mail of Modesty {Str+3}
  7058 | D:7      | Reached skill level 6 in Invocations
  7059 | D:7      | Reached skill level 8 in Armour
  7150 | D:7      | Noticed Duvessa
  7155 | D:7      | Reached XP level 10. HP: 82/82 MP: 14/14
  7155 | D:7      | Noticed Dowan
  7156 | D:7      | Killed Duvessa
  7230 | D:7      | Reached skill level 6 in Crossbows
  7287 | D:7      | Killed Dowan
  7316 | D:7      | Found an ancient bone altar of Kikubaaqudgha.
  7480 | D:7      | Found a shimmering blue altar of Sif Muna.
  7546 | D:8      | Noticed Psyche
  7557 | D:8      | Killed Psyche
  7592 | D:8      | Noticed Maggie
  7600 | D:8      | Found a sand-covered staircase.
  7604 | Ossuary  | Entered an ossuary
  7651 | Ossuary  | Reached skill level 9 in Fighting
  7828 | D:8      | Killed Maggie
  8274 | D:8      | Found an opulent altar of Gozag.
  8330 | D:8      | Noticed a two-headed ogre
  8344 | D:8      | Killed a two-headed ogre
  8345 | D:8      | Reached skill level 9 in Armour
  8490 | D:8      | Reached skill level 7 in Invocations
  8867 | D:9      | Reached skill level 7 in Crossbows
  9020 | D:8      | Reached skill level 10 in Fighting
  9084 | D:9      | Reached XP level 11. HP: 89/90 MP: 16/16
  9199 | D:9      | Noticed Erica
  9204 | D:9      | Killed Erica
  9205 | D:9      | Reached skill level 10 in Armour
  9384 | D:9      | Found a white marble altar of Elyvilon.
  9824 | D:9      | You add the spells Conjure Flame, Ignite Poison and Sticky
                  | Flame to your library.
  9826 | D:9      | You pick up a book of Beasts and begin reading...
  9826 | D:9      | You add the spells Summon Ice Beast, Summon Mana Viper and
                  | Monstrous Menagerie to your library.
  9960 | D:9      | Reached ***** piety under Lugonu
 10094 | D:10     | Entered Level 10 of the Dungeon
 10174 | D:10     | Identified the +9 flail "Killer Bee's Regret" {protect,
                  | *Rage rC+ rN+}
 10220 | D:10     | Noticed a two-headed ogre
 10231 | D:10     | Killed a two-headed ogre
 10232 | D:10     | Reached skill level 8 in Crossbows
 10232 | D:10     | Reached skill level 8 in Invocations
 10269 | D:10     | Noticed a two-headed ogre
 10275 | D:10     | Killed a two-headed ogre
 10339 | D:10     | Noticed a two-headed ogre
 10348 | D:10     | Killed a two-headed ogre
 10349 | D:10     | Reached skill level 11 in Fighting
 10382 | D:10     | You pick up a book of Iron and begin reading...
 10382 | D:10     | You add the spells Animate Armour, Blade Hands and Iron
                  | Shot to your library.
 10537 | D:10     | Found a staircase to the Lair.
 10700 | D:11     | Noticed a boulder beetle
 10714 | D:11     | Killed a boulder beetle
 10783 | D:11     | Found Zalaty's Weapon Emporium.
 10795 | D:11     | Reached skill level 11 in Armour
 10867 | D:11     | Noticed a red ugly thing
 10872 | D:11     | Killed a red ugly thing
 11061 | D:11     | You pick up a book of Necromancy and begin reading...
 11061 | D:11     | You add the spells Animate Skeleton and Vampiric Draining
                  | to your library.
 11070 | D:11     | Reached XP level 12. HP: 100/100 MP: 18/18
 11166 | D:11     | Reached skill level 9 in Crossbows
 11440 | D:11     | Found a staircase to the Orcish Mines.
 11466 | D:11     | Noticed a six-headed hydra
 11477 | D:11     | Killed a six-headed hydra
 11624 | D:12     | Noticed a two-headed ogre
 11629 | D:12     | Killed a two-headed ogre
 11630 | D:12     | Reached skill level 9 in Invocations
 11829 | D:12     | Reached skill level 12 in Fighting
 12016 | D:12     | Noticed an eight-headed hydra
 12024 | D:12     | Killed an eight-headed hydra
 12094 | D:12     | You are cast into the Abyss!
 12094 | D:12     | Cast into level 2 of the Abyss (a wizard)
 12132 | Abyss:3  | Noticed a cacodemon
 12132 | Abyss:3  | Noticed an Executioner
 12132 | Abyss:3  | Found a corrupted altar of Lugonu.
 12141 | Abyss:3  | Noticed a large abomination
 12179 | Abyss:4  | You add the spells Sting, Poisonous Vapours and Olgreb's
                  | Toxic Radiance to your library.
 12227 | Abyss:4  | Reached skill level 12 in Armour
 12249 | Abyss:4  | Noticed a starcursed mass
 12252 | Abyss:4  | Noticed a balrug
 12253 | D:12     | You pass through the gate.
 12253 | D:12     | Escaped the Abyss
 12261 | D:12     | Noticed a boulder beetle
 12267 | D:12     | Banished a boulder beetle
 12282 | D:12     | You are cast into the Abyss!
 12282 | D:12     | Cast into level 2 of the Abyss (a wizard)
 12338 | Abyss:2  | Noticed a tentacled starspawn
 12354 | D:12     | You pass through the gate.
 12354 | D:12     | Escaped the Abyss
 12481 | D:12     | Reached skill level 10 in Crossbows
 12553 | D:12     | You are cast into the Abyss!
 12553 | D:12     | Cast into level 2 of the Abyss (a wizard)
 12559 | Abyss:2  | Noticed a starcursed mass
 12567 | D:12     | You pass through the gate.
 12567 | D:12     | Escaped the Abyss
 12575 | D:12     | Reached skill level 13 in Fighting
 12575 | D:12     | Reached skill level 10 in Invocations
 12575 | D:12     | Gained mutation: You can hop long distances. [Barachi
                  | growth]
 12575 | D:12     | Reached XP level 13. HP: 110/111 MP: 20/20
 12992 | D:13     | Reached skill level 13 in Armour
 13421 | D:13     | Noticed an orc warlord
 13459 | D:13     | Killed an orc warlord
 14403 | D:13     | You pick up a book of Ice and begin reading...
 14403 | D:13     | You add the spells Freezing Cloud, Simulacrum and Polar
                  | Vortex to your library.
 14672 | D:13     | Reached skill level 14 in Fighting
 14869 | D:13     | Reached skill level 14 in Armour
 14870 | D:13     | Reached skill level 11 in Invocations
 15440 | D:14     | Noticed a vault guard
 15450 | D:14     | Killed a vault guard
 15566 | D:14     | Found a gate to the Vaults.
 15857 | D:14     | Found Molast's Book Boutique.
 16300 | D:15     | Entered Level 15 of the Dungeon
 16321 | D:15     | Reached XP level 14. HP: 121/121 MP: 22/22
 16610 | D:15     | Reached skill level 15 in Fighting
 17087 | D:15     | You add the spells Ozocubu's Refrigeration and Ignition to
                  | your library.
 17365 | D:15     | Noticed a cyan very ugly thing
 17389 | D:15     | Reached skill level 15 in Armour
 17630 | D:14     | Killed a green very ugly thing
 18264 | D:15     | Found a staircase to the Depths.
 18416 | D:15     | Found a runed translucent door.
 18510 | D:15     | Reached skill level 12 in Invocations
 18867 | D:15     | Found a runed translucent door.
 19011 | D:15     | Found a runed translucent door.
 19039 | D:15     | Found a runed translucent door.
 19333 | Orc:1    | Entered Level 1 of the Orcish Mines
 19884 | Orc:2    | Entered Level 2 of the Orcish Mines
 19884 | Orc:2    | Found a staircase to the Elven Halls.
 20171 | Orc:2    | Found a runed translucent gate.
 20172 | Orc:2    | Found a runed translucent gate.
 20173 | Orc:2    | Found a runed translucent gate.
 20217 | Orc:2    | Noticed pyrow613's ghost (journeyman DgCj)
 20421 | Orc:2    | Identified a +2 robe of the Archmagi
 20580 | Orc:2    | Reached skill level 16 in Fighting
 20959 | Orc:2    | Reached skill level 16 in Armour
 21177 | Orc:2    | Found Fag Qutt's Book Boutique.
 21177 | Orc:2    | Found Hadum's Antique Armour Boutique.
 21181 | Orc:2    | Found Panauw's Antique Armour Shoppe.
 21181 | Orc:2    | Found Rayzyiculo's Antique Weapon Shoppe.
 21337 | Orc:2    | Reached ****** piety under Lugonu
 21636 | Orc:2    | Killed pyrow613's ghost
 21948 | Orc:2    | Bought an encrusted ring mail for 279 gold pieces
 21948 | Orc:2    | Identified the +0 ring mail of Starshine {rPois rF+ rN+}
                  | (You bought it in a shop on level 2 of the Orcish Mines)
 21948 | Orc:2    | Bought a spiked cloak for 294 gold pieces
 21948 | Orc:2    | Identified the +1 cloak of the Great Game {rPois rC- Str+4}
                  | (You bought it in a shop on level 2 of the Orcish Mines)
 21972 | Orc:2    | Bought a pair of glowing boots for 247 gold pieces
 21972 | Orc:2    | Bought a crude chain mail for 313 gold pieces
 21972 | Orc:2    | Identified the +1 chain mail of Monotheism {Fly} (You
                  | bought it in a shop on level 2 of the Orcish Mines)
 22077 | Lair:1   | Entered Level 1 of the Lair of Beasts
 22091 | Lair:1   | Reached XP level 15. HP: 107/132 MP: 24/24
 22293 | Lair:1   | Found a frozen archway.
 22303 | IceCv    | Entered an ice cave
 23487 | IceCv    | Reached skill level 5 in Polearms
 23487 | IceCv    | Reached skill level 5 in Shields
 23573 | IceCv    | Identified a +1 crystal plate armour of cold resistance
 23576 | IceCv    | y - a +1 crystal plate armour of cold resistance {rare}
 23622 | IceCv    | You finish putting on your +1 crystal plate armour of cold
                  | resistance {rare}.
 23637 | Lair:1   | Noticed Grum
 23663 | Lair:1   | Killed Grum
 23768 | Lair:1   | Found a runed translucent gate.
 23768 | Lair:1   | Found a runed translucent gate.
 23768 | Lair:1   | Found a runed translucent gate.
 23768 | Lair:1   | Noticed dolemite99's ghost (journeyman DsGl)
 26097 | Lair:2   | Reached skill level 6 in Polearms
 26711 | Lair:3   | Found a staircase to the Snake Pit.
 27103 | Lair:3   | Found a staircase to the Shoals.
 27311 | Lair:3   | You add the spells Gell's Gravitas, Teleport Other and
                  | Dispersal to your library.
 28249 | Lair:4   | Reached skill level 7 in Polearms
 28259 | Lair:4   | Reached skill level 11 in Crossbows
 28996 | Lair:4   | Reached skill level 8 in Polearms
 29537 | Lair:5   | You pick up a book of the Moon and begin reading...
 29537 | Lair:5   | You add the spells Passage of Golubria, Silence and
                  | Lehudib's Crystal Spear to your library.
 29630 | Lair:5   | You fall into a shaft and drop 1 floor!
 29630 | Lair:6   | Entered Level 6 of the Lair of Beasts
 29662 | Lair:6   | Found a dark tunnel.
 29675 | Volcano  | Entered a volcano
 30450 | Volcano  | HP: 23/132 [salamander (12)]
 30456 | Volcano  | Reached skill level 12 in Crossbows
 30865 | Volcano  | Reached XP level 16. HP: 139/139 MP: 25/25
 31325 | Volcano  | Reached skill level 9 in Polearms
 31664 | Volcano  | Identified a potion of experience
 31665 | Volcano  | Reached skill level 8 in Shields
 31665 | Volcano  | Reached XP level 17. HP: 146/146 MP: 26/26
 31682 | Volcano  | Found the +3 pair of seven-league boots {Rampage+∞}
 32539 | Lair:6   | Noticed Josephine
 33342 | Lair:5   | Reached skill level 10 in Polearms
 33729 | Lair:6   | Reached skill level 13 in Crossbows
 33928 | Lair:6   | Found the +4 skin of Zhor {*Englaciate rC+++ SInv}
 34206 | Lair:6   | Killed Josephine
 35064 | Lair:6   | Found a runed translucent door.
 35075 | Lair:6   | Reached skill level 11 in Polearms
 35356 | Lair:6   | Found a viscous altar of Jiyva.
 35357 | Lair:6   | Found a staircase to the Slime Pits.
 35860 | Lair:6   | Reached skill level 14 in Crossbows
 36339 | Lair:1   | Killed dolemite99's ghost
 37080 | Snake:1  | Entered Level 1 of the Snake Pit
 37086 | Snake:1  | You finish taking off your +1 crystal plate armour of cold
                  | resistance {rare}.
 37878 | Depths:1 | Entered Level 1 of the Depths
 37878 | Depths:1 | Found a one-way gate to the infinite horrors of the Abyss.
 37922 | D:15     | Reached skill level 12 in Polearms
 38260 | D:15     | HP: 44/219 [deep troll (12)]
 38264 | Depths:1 | HP: 13/146 [disintegration (12)]
 38271 | Abyss:1  | HP: 30/146 [constriction[a tentacled starspawn] (2)]
 38304 | Abyss:2  | You finish putting on your +1 crystal plate armour of cold
                  | resistance {rare}.
 38516 | Abyss:2  | Noticed a tentacled starspawn
 38521 | Abyss:2  | Noticed a tentacled starspawn
 38523 | Abyss:2  | HP: 35/146 [raiju (2)]
 38524 | Depths:1 | You pass through the gate.
 38524 | Depths:1 | Escaped the Abyss
 38524 | Depths:1 | HP: 15/146 [deep troll (13)]
 38524 | Depths:1 | Killed from afar by a fire dragon

Vanquished Creatures
  An orc warlord (D:13)
  The ghost of pyrow613 the Destroyer, a journeyman DgCj (Orc:2)
  A reaper (IceCv)
  A very ugly thing (D:14)
  A minotaur (Orc:2)
  A fire dragon (Volcano)
  Harold (D:7)
  A great orb of eyes (D:15)
  Josephine (Lair:6)
  14 hydras
  2 rakshasas (D:15)
  A vault guard (D:14)
  The ghost of dolemite99 the Slicer, a journeyman DsGl of Okawaru (Lair:1)
  An ogre mage (D:15)
  3 centaur warriors
  3 boulder beetles
  A catoblepas (Lair:6)
  Erica (D:9)
  13 two-headed ogres
  A deep troll shaman (D:15)
  2 tengu warriors
  10 death yaks
  6 orc high priests
  A sixfirhy (Abyss:4)
  A fire crab (shapeshifter) (D:14)
  A goliath frog (Lair:6)
  An iron troll (D:15)
  A naga ritualist (Snake:1)
  10 wizards
  Pikel (D:5)
  A phantasmal warrior (D:13)
  A lindwurm (Lair:6)
  8 orc sorcerers
  7 orc knights
  A mana viper (Snake:1)
  4 ugly things
  2 oklob plants (Lair:1)
  3 salamanders (Volcano)
  4 cyclopes
  An ice statue (IceCv)
  2 manticores
  6 elephants
  5 black mambas
  16 cane toads
  4 torpor snails
  2 gargoyles
  A smoke demon (Abyss:2)
  Maggie (D:8)
  2 unseen horrors (D:13)
  Psyche (D:8)
  9 rime drakes
  3 ice devils (IceCv)
  21 komodo dragons
  An anaconda simulacrum (IceCv)
  2 ancient zymes
  A yaktaur (shapeshifter) (D:14)
  An efreet (D:14)
  A tengu conjurer (D:15)
  6 trolls
  A wind drake (Lair:3)
  2 tyrant leeches (Lair:6)
  3 polar bears
  A meliai zombie (D:10)
  A raiju (Abyss:2)
  27 blink frogs
  8 slime creatures
  9 dream sheep
  A dream sheep (shapeshifter) (D:15)
  2 shadows
  A vampire (D:11)
  A spriggan (Lair:2)
  6 wyverns
  3 dire elephant simulacra (IceCv)
  56 yaks
  A ynoxinul (Abyss:2)
  6 wraiths
  5 basilisks
  7 fire bats (Volcano)
  A golden eye (Abyss:3)
  5 steam dragons
  Grum (Lair:1)
  5 vampire mosquitoes (Lair:6)
  A small abomination (Abyss:4)
  8 wargs
  2 nagas
  17 water moccasins
  An acid dragon (D:13)
  Duvessa (D:7)
  40 orc warriors
  4 black bears
  A swamp drake (D:11)
  An ice beast (D:5)
  7 ogres
  5 centaurs
  18 wolves
  3 kobold brigands
  A lemure (D:5)
  Blork the orc (D:4)
  19 bullfrogs
  2 gnoll sergeants
  4 water moccasin zombies
  3 cane toad simulacra (IceCv)
  2 two-headed ogre simulacra (IceCv)
  Dowan (D:7)
  A wyvern skeleton (D:6)
  4 elephant simulacra (IceCv)
  12 wights
  17 killer bees
  4 howler monkeys
  3 electric eels
  2 centaur zombies (D:9)
  A centaur skeleton (D:6)
  A jelly (D:8)
  26 orc priests
  3 gnoll shamans
  A hound (D:7)
  7 hell rats (Lair:6)
  2 iguanas
  31 orc wizards
  10 spriggan simulacra (IceCv)
  A polar bear simulacrum (IceCv)
  6 troll simulacra (IceCv)
  A killer bee zombie (D:5)
  2 wolf simulacra (IceCv)
  A hound skeleton (D:4)
  A howler monkey zombie (D:5)
  2 mummies (Ossuary)
  29 gnolls
  11 adders
  5 naga simulacra (IceCv)
  A shadow imp (D:7)
  17 white imps
  3 ufetubi (IceCv)
  2 adder zombies (Ossuary)
  6 worms
  78 orcs
  8 ball pythons
  11 bats
  6 endoplasms
  4 giant cockroaches
  4 gnoll zombies (Ossuary)
  3 hobgoblins
  2 jackals (D:4)
  26 kobolds
  3 quokkas
  3 frilled lizards
  9 goblins
  3 hobgoblin zombies (Ossuary)
  7 kobold zombies (Ossuary)
  3 orc zombies (Ossuary)
  9 rats
888 creatures vanquished.

Vanquished Creatures (collateral kills)
  A hydra (D:13)
  An ice dragon (D:15)
  A death knight (D:13)
  A skeletal warrior (D:13)
  A wraith (D:13)
  3 orcs (Orc:2)
8 creatures vanquished.

Vanquished Creatures (others)
  4 bushes
  44 fungi
  154 plants
  5 starspawn tentacles (Abyss:2)
207 creatures vanquished.

Grand Total: 1103 creatures vanquished

Table legend:
 A = Non-vault XP
 B = Vault XP
 C = Vault XP percentage of total XP
 D = Non-vault monster count
 E = Vault monster count
 F = Vault count percentage of total count
                 A         B        C        D         E       F
            +---------+---------+-------+---------+---------+-------
      Total |  112362 |   72974 |  39.4 |     579 |     320 |  35.6
            +---------+---------+-------+---------+---------+-------
        D:1 |      59 |       0 |   0.0 |      30 |       0 |   0.0
        D:2 |      42 |      30 |  41.7 |       9 |       6 |  40.0
        D:3 |     119 |      30 |  20.1 |      29 |       4 |  12.1
        D:4 |     489 |      91 |  15.7 |      28 |       1 |   3.4
        D:5 |    1109 |     629 |  36.2 |      32 |       1 |   3.0
        D:6 |     583 |       0 |   0.0 |      14 |       0 |   0.0
        D:7 |    1035 |    1146 |  52.5 |      16 |       8 |  33.3
        D:8 |    2659 |     764 |  22.3 |      35 |       2 |   5.4
        D:9 |    2065 |     902 |  30.4 |      33 |      13 |  28.3
       D:10 |    3664 |       0 |   0.0 |       9 |       0 |   0.0
       D:11 |    4513 |     585 |  11.5 |      14 |      17 |  54.8
       D:12 |    3504 |    5936 |  62.9 |      12 |       9 |  42.9
       D:13 |    8595 |    5962 |  41.0 |      23 |      28 |  54.9
       D:14 |    3318 |    3628 |  52.2 |       6 |       5 |  45.5
       D:15 |   12488 |    3989 |  24.2 |      24 |       6 |  20.0
     Lair:1 |    3619 |    6169 |  63.0 |      17 |      30 |  63.8
     Lair:2 |    4469 |     999 |  18.3 |      19 |       6 |  24.0
     Lair:3 |    4673 |    1009 |  17.8 |      18 |       3 |  14.3
     Lair:4 |   10911 |     788 |   6.7 |      32 |       2 |   5.9
     Lair:5 |    7063 |     240 |   3.3 |      29 |       1 |   3.3
     Lair:6 |   22912 |   13864 |  37.7 |      62 |      46 |  42.6
    Snake:1 |    2333 |       0 |   0.0 |       5 |       0 |   0.0
      Orc:1 |    2542 |       0 |   0.0 |      22 |       0 |   0.0
      Orc:2 |    6392 |   10683 |  62.6 |      53 |      28 |  34.6
   Depths:1 |     677 |       0 |   0.0 |       1 |       0 |   0.0
    Abyss:2 |    1245 |       0 |   0.0 |       4 |       0 |   0.0
    Abyss:3 |       0 |     190 | 100.0 |       0 |       1 | 100.0
    Abyss:4 |    1284 |       0 |   0.0 |       3 |       0 |   0.0
    Ossuary |       0 |     310 | 100.0 |       0 |      24 | 100.0
      IceCv |       0 |    5012 | 100.0 |       0 |      50 | 100.0
    Volcano |       0 |   10018 | 100.0 |       0 |      29 | 100.0
            +---------+---------+-------+---------+---------+-------

Illustrated notes

Table legend:
 A = Kills in this place as a percentage of kills in entire the game.
 B = Kills by you in this place as a percentage of kills by you in the entire game.
 C = Kills by friends in this place as a percentage of kills by friends in the entire game.
 D = Other kills in this place as a percentage of other kills in the entire game.
 E = Experience gained in this place as a percentage of experience gained in the entire game.
 F = Experience gained in this place divided by the number of levels of this place that you have seen.
                   A       B       C       D       E      F
               +-------+-------+-------+-------+-------+----------------------
         Total | 100.0 | 100.0 | 100.0 | 100.0 | 100.0 | 4877.3
       Dungeon |  46.1 |  45.8 |  62.5 |  75.0 |  36.7 | 4528.9
          Lair |  29.5 |  29.8 |   0.0 |  25.0 |  41.4 | 12786.0
     Snake Pit |   0.6 |   0.6 |   0.0 |   0.0 |   1.3 | 1166.5
  Orcish Mines |  11.5 |  11.3 |  37.5 |   0.0 |  10.6 | 9808.5
        Depths |   0.1 |   0.1 |   0.0 |   0.0 |   0.4 | 677.0
         Abyss |   0.9 |   0.9 |   0.0 |   0.0 |   1.5 | 302.1
       Ossuary |   2.7 |   2.7 |   0.0 |   0.0 |   0.2 | 310.0
      Ice Cave |   5.6 |   5.6 |   0.0 |   0.0 |   2.7 | 5012.0
       Volcano |   3.2 |   3.3 |   0.0 |   0.0 |   5.4 | 10018.0
               +-------+-------+-------+-------+-------+----------------------

Table legend: (Time is in decaauts)
 A = Elapsed time spent in this place.
 B = Non-inter-level travel time spent in this place.
 C = Inter-level travel time spent in this place.
 D = Time resting spent in this place.
 E = Time spent auto-exploring this place.
 F = Levels seen in this place.
 G = Mean time per level.
                   A        B        C        D        E       F      G
               +--------+--------+--------+--------+--------+-----+--------+
         Total |  43392 |  41417 |   1975 |   9739 |  23556 |  38 | 1141.9 |
       Dungeon |  21784 |  20584 |   1200 |   2757 |  14113 |  15 | 1452.3 |
          Lair |  13145 |  12648 |    497 |   4172 |   6008 |   6 | 2190.8 |
     Snake Pit |    597 |    572 |     25 |    380 |    111 |   2 |  298.5 |
  Orcish Mines |   3192 |   2942 |    250 |    576 |   1763 |   2 | 1596.0 |
        Depths |     30 |     30 |      0 |      0 |      0 |   1 |   30.0 |
         Abyss |    635 |    635 |      0 |    179 |     55 |   9 |   70.6 |
       Ossuary |    238 |    238 |      0 |      0 |    111 |   1 |  238.0 |
      Ice Cave |   1428 |   1428 |      0 |    184 |    964 |   1 | 1428.0 |
       Volcano |   2339 |   2339 |      0 |   1490 |    428 |   1 | 2339.0 |
               +--------+--------+--------+--------+--------+-----+--------+

Top non-repeatable levels by time:
  Lair:6: 3538 daAuts
    D:15: 3284 daAuts
  Lair:1: 2904 daAuts
    D:13: 2612 daAuts
 Volcano: 2339 daAuts
   Orc:2: 1949 daAuts
  Lair:5: 1862 daAuts
  Lair:4: 1810 daAuts
     D:1: 1724 daAuts
    D:14: 1668 daAuts
  Lair:3: 1547 daAuts
  Lair:2: 1482 daAuts
     D:8: 1476 daAuts
     D:5: 1437 daAuts
   IceCv: 1428 daAuts
